Map: Distant Plane

Players

Amix - Winner!

  • Race: Terran Terran
  • League: Platinum
  • Spawn Location: 1:00

sudbaxp - Winner!

  • Race: Terran Terran
  • Spawn Location: 1:00

A.I. 2 (Elite)

  • Race: Protoss Protoss
  • Spawn Location: 11:00

A.I. 3 (Hard)

  • Race: Zerg Zerg
  • Spawn Location: 11:00

VOD

Have the link to the VOD?

Description

Time

  • Played on: Nov. 29, 2016, 7:54 a.m.
  • Length: 13:39
Show
View Real Time Build Order
Export as new Build Order

Amix Terran - Winner!

Build Orders:  

Get SALT Encoding   

  12  0:01  SCV  
  13  0:23  SCV  
  14  0:32  Supply Depot  
  14  0:36  SCV  
  15  0:53  SCV  
  15  0:56  Barracks  
  16  1:06  SCV  
  17  1:16  Refinery  
  17  1:18  SCV  
  18  1:30  Refinery, SCV  
  19  1:49  Barracks  
  19  1:51  Marine  
  19  1:53  SCV  
  21  2:14  Orbital Command  
  21  2:21  Command Center  
  21  2:36  Marine  
  22  2:38  Barracks Reactor  
  22  2:49  Factory  
  22  2:50  SCV  
  23  3:11  Supply Depot  
  23  3:17  Refinery  
  23  3:18  Refinery  
  23  3:32  Marine, SCV  
  25  3:37  Marine x2  
  27  3:42  Factory Tech Lab  
  27  3:44  SCV  
  27  3:47  Orbital Command  
  28  3:50  Marine  
  29  3:57  SCV  
  30  4:02  Supply Depot  
  30  4:03  Siege Tank  
  30  4:06  Marine x2  
  30  4:08  Marine  
  30  4:09  SCV  
  37  4:21  SCV  
  37  4:22  Engineering Bay  
  37  4:24  Marine, SCV  
  39  4:29  Marine  
  41  4:33  Marine, SCV  
  43  4:42  Marine  
  43  4:44  Siege Tank  
  47  4:45  SCV  
  47  4:46  SCV  
  47  4:47  Marine  
  50  4:58  SCV x2  
  52  5:10  SCV x2, Supply Depot  
  52  5:11  Supply Depot  
  54  5:16  Terran Infantry Weapons Level 1  
  54  5:31  Marine x2  
  55  5:39  SCV x2  
  57  5:51  SCV x2  
  59  6:03  SCV x2  
  61  6:15  SCV x2  
  63  6:22  Supply Depot x3  
  63  6:25  Siege Tank  
  63  6:27  SCV  
  67  6:34  SCV  
  69  6:40  SCV  
  69  6:44  Supply Depot  
  69  6:46  SCV  
  70  6:49  Supply Depot  
  70  6:55  Starport x2  
  70  6:57  Starport  
  70  7:04  Starport  
  70  7:05  Starport x2  
  70  7:07  Supply Depot  
  70  7:09  SCV x2  
  70  7:10  Terran Infantry Armor Level 1  
  72  7:17  Command Center  
  72  7:21  SCV x2  
  74  7:27  Siege Tank  
  77  7:33  SCV  
  78  7:42  Armory  
  78  7:44  Armory  
  78  7:45  Fusion Core  
  78  7:53  Starport Tech Lab x6  
  78  8:20  SCV  
  80  8:32  SCV  
  80  8:33  Supply Depot  
  80  8:34  Supply Depot  
  81  8:36  Supply Depot  
  81  8:37  Supply Depot  
  93  8:41  SCV  
  93  8:44  Battlecruiser x3, SCV  
  100  8:54  Refinery, SCV  
  102  8:56  SCV  
  102  8:57  Supply Depot, Orbital Command  
  102  8:58  Supply Depot  
  102  9:06  Battlecruiser, SCV  
  102  9:09  SCV  
  110  9:18  Refinery, SCV  
  110  9:21  SCV  
  112  9:28  Battlecruiser  
  112  9:30  SCV  
  119  9:33  SCV  
  120  9:42  SCV  
  120  9:45  SCV  
  122  9:46  Battlecruiser  
  122  9:48  Battlecruiser  
  134  10:13  Battlecruiser x2  
  146  10:21  Weapon Refit  
  146  10:54  Battlecruiser  
  152  11:18  Battlecruiser  
  152  11:19  Battlecruiser  
  164  11:57  Battlecruiser x2  
Show
View Real Time Build Order
Export as new Build Order

sudbaxp Terran - Winner!

Build Orders: Command Center First (CC) 

Get SALT Encoding   

  12  0:25  SCV  
  13  0:38  SCV  
  14  0:53  Supply Depot  
  14  0:57  SCV  
  15  1:14  Command Center  
  15  1:15  SCV  
  15  1:17  Barracks  
  16  1:24  Refinery  
  16  1:27  Refinery  
  16  1:30  SCV  
  17  1:46  SCV  
  18  2:01  SCV  
  19  2:13  SCV  
  20  2:23  Factory  
  20  2:27  Orbital Command  
  20  2:28  Orbital Command  
  20  2:36  Refinery  
  20  2:51  Refinery  
  20  2:56  SCV x2  
  22  3:03  Supply Depot  
  22  3:09  SCV x2  
  24  3:19  Starport  
  24  3:21  SCV  
  25  3:28  Armory  
  25  3:37  Armory  
  25  3:41  SCV  
  25  3:42  SCV  
  25  3:48  Supply Depot  
  27  3:53  SCV  
  27  3:54  SCV  
  29  4:04  Starport Tech Lab  
  29  4:05  SCV  
  30  4:10  Starport  
  30  4:17  SCV  
  30  4:18  SCV  
  32  4:25  Supply Depot  
  32  4:26  Supply Depot  
  32  4:34  SCV x2  
  34  4:48  Fusion Core, Supply Depot  
  34  4:50  Starport Tech Lab  
  34  4:55  Starport  
  34  5:05  Terran Ship Weapons Level 1, Terran Vehicle And Ship Armor Level 1  
  34  5:09  SCV x2  
  36  5:21  SCV x2  
  38  5:34  Starport Tech Lab  
  38  5:36  Battlecruiser  
  44  5:47  SCV x2  
  46  5:52  Battlecruiser  
  52  5:59  Battlecruiser  
  58  6:08  Supply Depot  
  58  6:12  Supply Depot  
  58  6:23  SCV x2  
  60  6:29  Supply Depot  
  60  6:30  Supply Depot  
  60  6:35  SCV x2  
  60  6:37  Weapon Refit  
  62  6:41  Battlecruiser  
  68  6:57  Command Center  
  68  7:03  Battlecruiser  
  74  8:00  Battlecruiser  
  74  8:01  Battlecruiser  
  86  8:09  Terran Ship Weapons Level 2  
  86  8:45  Orbital Command  
  86  8:47  SCV x2  
  88  8:59  SCV x2  
  96  9:02  Battlecruiser  
  96  9:11  SCV  
  96  9:14  Supply Depot  
  97  9:19  Orbital Command  
  97  9:39  Supply Depot  
  97  9:41  Refinery  
  97  9:46  Refinery  
  97  9:56  Battlecruiser  
  97  9:58  Battlecruiser  
  109  10:02  Supply Depot  
  109  10:13  Battlecruiser  
  115  10:43  Terran Vehicle And Ship Armor Level 2  
  115  11:39  Battlecruiser  
Show
View Real Time Build Order
Export as new Build Order

A.I. 2 (Elite) Protoss 

Build Orders: Zealot Archon 

Get SALT Encoding   

  12  0:01  Probe (Chrono Boost)  
  13  0:11  Probe (Chrono Boost)  
  14  0:21  Pylon  
  14  0:22  Probe (Chrono Boost)  
  15  0:40  Probe (Chrono Boost)  
  16  0:50  Probe (Chrono Boost), Assimilator  
  16  0:52  Gateway  
  17  1:01  Probe (Chrono Boost)  
  17  1:02  Pylon  
  18  1:11  Probe (Chrono Boost)  
  19  1:22  Probe (Chrono Boost)  
  21  1:33  Probe (Chrono Boost)  
  21  1:37  Zealot  
  23  1:40  Gateway  
  23  1:43  Cybernetics Core  
  23  1:44  Probe (Chrono Boost)  
  24  1:53  Pylon  
  24  1:56  Probe (Chrono Boost)  
  25  2:03  Zealot  
  25  2:07  Probe (Chrono Boost)  
  28  2:14  Warp Gate  
  28  2:18  Probe (Chrono Boost)  
  29  2:26  Adept  
  29  2:29  Adept  
  31  2:34  Gateway  
  33  2:43  Gateway  
  33  2:53  Adept  
  33  2:54  Adept  
  37  3:03  Probe (Chrono Boost)  
  38  3:05  Pylon  
  38  3:21  Adept  
  38  3:22  Adept  
  38  3:23  Adept  
  44  3:30  Adept  
  46  3:37  Pylon  
  46  3:41  Twilight Council  
  46  4:04  Pylon  
  46  4:34  Assimilator  
  46  4:41  Zealot  
  46  4:43  Templar Archives  
  48  4:58  Nexus  
  48  5:21  High Templar  
  50  5:31  Forge  
  50  5:46  High Templar  
  52  5:54  Zealot x2, Stalker  
  58  5:58  Archon  
  58  6:00  Pylon  
  60  6:12  Probe x2 (Chrono Boost)  
  60  6:14  Zealot  
  62  6:23  Probe (Chrono Boost), High Templar  
  62  6:24  Probe (Chrono Boost)  
  66  6:26  Assimilator  
  66  6:29  Assimilator  
  66  6:34  Probe (Chrono Boost)  
  66  6:35  Probe (Chrono Boost)  
  68  6:45  Probe (Chrono Boost)  
  68  6:46  Probe (Chrono Boost)  
  70  6:52  High Templar  
  72  6:55  Forge  
  72  6:56  Probe (Chrono Boost)  
  72  6:57  Probe (Chrono Boost)  
  72  6:58  Stalker  
  76  7:02  Stalker, Pylon  
  76  7:06  Nexus  
  76  7:08  Stalker, Probe (Chrono Boost)  
  82  7:09  Probe (Chrono Boost)  
  82  7:14  Archon  
  82  7:19  Probe (Chrono Boost)  
  82  7:20  Probe (Chrono Boost)  
  82  7:26  Pylon  
  82  7:27  High Templar  
  85  7:35  Pylon  
  66  7:59  Nexus  
  64  8:14  High Templar  
  64  8:15  Pylon  
  52  8:31  Probe (Chrono Boost)  
  52  8:34  Assimilator  
  48  8:37  Pylon  
  49  8:41  Probe (Chrono Boost), Assimilator  
  49  8:43  Probe (Chrono Boost)  
  49  8:46  Zealot  
  49  8:47  High Templar  
  48  8:51  Zealot  
  48  8:52  Probe (Chrono Boost)  
  49  8:56  Probe (Chrono Boost)  
  50  9:04  Probe (Chrono Boost)  
  50  9:07  Probe (Chrono Boost)  
  50  9:09  High Templar  
  54  9:12  Pylon  
  54  9:15  Probe x2 (Chrono Boost), Pylon  
  56  9:17  Zealot  
  56  9:19  Probe (Chrono Boost)  
  59  9:26  Probe (Chrono Boost)  
  59  9:30  Probe (Chrono Boost), Templar Archives  
  60  9:31  Probe (Chrono Boost)  
  60  9:36  Stalker  
  60  9:37  Probe (Chrono Boost)  
  62  9:39  Stalker  
  62  9:40  Pylon  
  62  9:41  Probe (Chrono Boost)  
  65  9:49  Probe (Chrono Boost)  
  65  9:51  Probe (Chrono Boost)  
  68  9:53  Probe (Chrono Boost), Archon  
  68  9:57  Sentry  
  71  10:00  Stalker, Probe (Chrono Boost)  
  71  10:04  Probe (Chrono Boost)  
  71  10:05  Probe (Chrono Boost)  
  75  10:11  Probe (Chrono Boost)  
  76  10:15  Probe (Chrono Boost)  
  76  10:16  Probe (Chrono Boost)  
  76  10:18  Stalker  
  76  10:19  Robotics Facility  
  80  10:21  Adept  
  80  10:22  Probe (Chrono Boost)  
  80  10:24  Pylon  
  80  10:26  Probe (Chrono Boost)  
  80  10:27  Probe (Chrono Boost)  
  85  10:34  Probe (Chrono Boost)  
  86  10:37  Probe (Chrono Boost)  
  86  10:38  Probe (Chrono Boost)  
  86  10:40  Zealot  
  76  10:43  Pylon  
  76  10:44  Probe (Chrono Boost)  
  76  10:48  Probe (Chrono Boost)  
  76  10:49  Probe (Chrono Boost)  
  58  10:58  Stalker, Gateway  
  58  11:00  Probe (Chrono Boost)  
  58  11:02  Probe (Chrono Boost)  
  58  11:03  Observer  
  59  11:11  Probe (Chrono Boost)  
  40  11:54  Probe (Chrono Boost)  
  26  11:55  Probe (Chrono Boost)  
  16  12:04  Probe (Chrono Boost)  
  16  12:05  Probe (Chrono Boost)  
Show
View Real Time Build Order
Export as new Build Order

A.I. 3 (Hard) Zerg 

Build Orders: Pool First 

Get SALT Encoding   

  12  0:01  Drone  
  13  0:12  Overlord  
  13  0:17  Drone  
  14  0:30  Drone  
  14  0:32  Drone  
  16  0:43  Spawning Pool  
  16  0:45  Drone  
  16  0:49  Drone  
  17  0:51  Extractor  
  17  0:55  Drone  
  17  1:06  Overlord  
  17  1:31  Zergling x2  
  18  1:33  Queen  
  18  1:36  Roach Warren  
  18  1:37  Zergling x2  
  18  1:38  Drone  
  21  1:41  Extractor  
  20  1:49  Drone  
  21  2:00  Drone  
  22  2:10  Overlord  
  22  2:21  Drone  
  23  2:32  Roach  
  25  2:39  Drone, Roach  
  25  2:42  Overlord  
  28  2:45  Roach  
  30  2:54  Roach  
  32  3:05  Roach  
  34  3:15  Baneling Nest, Roach  
  34  3:18  Drone  
  36  3:21  Overlord  
  36  3:22  Roach  
  38  3:27  Drone  
  39  3:37  Evolution Chamber  
  39  3:38  Drone  
  39  3:46  Drone, Roach  
  39  3:48  Drone  
  43  3:49  Drone  
  44  4:00  Drone  
  45  4:11  Drone  
  46  5:00  Zerg Melee Weapons Level 1, Lair, Overlord  
  46  5:02  Evolution Chamber  
  46  5:05  Drone  
  46  5:22  Hatchery  
  46  5:27  Zerg Missile Weapons Level 1  
  43  5:28  Drone  
  43  5:31  Zergling x2  
  31  5:42  Roach  
  31  5:52  Roach  
  33  5:57  Burrow  
  33  6:02  Hydralisk Den, Roach  
  33  6:03  Overseer  
  34  6:10  Overseer  
  34  6:12  Roach  
  34  6:13  Spore Crawler  
  34  6:14  Drone  
  36  6:20  Spore Crawler  
  36  6:22  Drone, Ravager x2  
  38  6:26  Roach  
  40  6:35  Drone  
  40  6:36  Roach  
  43  6:40  Drone  
  43  6:45  Drone, Hydralisk  
  47  6:47  Extractor  
  47  6:50  Drone  
  47  6:54  Drone, Zerg Ground Armor Level 1  
  48  6:55  Hydralisk  
  48  6:56  Drone  
  48  7:00  Drone  
  52  7:02  Drone  
  52  7:05  Drone, Hydralisk  
  52  7:07  Drone  
  57  7:16  Drone, Hydralisk  
  57  7:18  Spine Crawler  
  59  7:24  Spine Crawler  
  59  7:25  Drone  
  59  7:26  Drone  
  59  7:27  Drone  
  61  7:31  Overlord  
  61  7:33  Drone  
  62  7:38  Drone  
  62  7:39  Drone  
  64  7:45  Spore Crawler, Roach  
  64  7:48  Drone  
  64  7:50  Drone  
  64  7:51  Spore Crawler  
  64  7:57  Drone, Hydralisk  
  61  7:58  Drone  
  61  8:04  Drone  
  57  8:07  Hydralisk  
  55  8:13  Drone  
  55  8:17  Roach  
  58  8:27  Roach  
  58  8:34  Overlord  
  58  8:37  Roach  
  58  8:39  Queen  
  60  8:45  Spine Crawler  
  60  8:47  Roach  
  61  8:49  Spine Crawler  
  61  8:51  Drone  
  61  8:53  Queen  
  63  8:57  Hydralisk  
  63  9:02  Hydralisk  
  63  9:03  Overlord  
  63  9:06  Overseer  
  63  9:07  Hydralisk  
  67  9:11  Evolution Chamber  
  67  9:12  Hydralisk  
  67  9:13  Overseer  
  67  9:15  Pneumatized Carapace  
  68  9:18  Roach  
  69  9:24  Drone  
  69  9:27  Hatchery  
  69  9:29  Zergling x2  
  67  9:34  Hydralisk  
  64  9:38  Drone  
  64  9:39  Drone  
  64  9:40  Roach  
  64  9:44  Hydralisk  
  64  9:45  Ravager  
  66  9:50  Roach  
  62  10:02  Zergling x2  
  62  10:06  Zergling x2  
  59  10:07  Lair  
  53  10:33  Spawning Pool  
  47  10:47  Drone  
  47  10:54  Evolution Chamber  
  42  10:57  Drone  
  39  11:10  Hydralisk Den  
  38  11:11  Extractor  
  38  11:15  Drone, Extractor  
  38  11:17  Drone  
  38  11:18  Drone  
  39  11:22  Zergling x2  
  39  11:29  Hatchery  
  39  11:31  Zergling x2  
  35  11:39  Hydralisk  
  37  11:44  Hydralisk  
  37  11:46  Drone  
  34  11:50  Hydralisk  
  20  12:00  Drone  
  18  12:02  Drone  
  18  12:05  Drone, Hydralisk, Queen, Overlord  
  18  12:07  Drone  
  18  12:08  Drone  
  14  12:24  Drone  
  14  12:28  Drone  
  14  12:30  Hatchery  
  14  12:31  Overlord  
  14  12:35  Spawning Pool  
  5  12:45  Drone  
Tags
 
Add a new tag
Caveats
  • Supply blocks, unpowered buildings, or Contaminate may cause inaccurate times.
  • Supply counts are checked every 10 seconds.